 Dungeon Crawl Stone Soup version 0.23.2-40-g277498a001 (webtiles) character file.

Game seed: 14383183951181884993

22983 Gildeon the Blocker (level 13, -2/103 HPs)
             Began as a Gnoll Fighter on Oct 14, 2019.
             Was an Elder of Ashenzari.
             Slain by a catoblepas (12 damage)
             ... on level 12 of the Dungeon on Oct 15, 2019.
             The game lasted 00:51:12 (12447 turns).

Gildeon the Blocker (Gnoll Fighter)                Turns: 12447, Time: 00:51:13

Health: -2/103     AC: 19    Str: 16    XL:     13   Next: 3%
Magic:  33/33      EV:  9    Int: 12    God:    Ashenzari [****..]
Gold:   930        SH: 13    Dex: 20    Spells: 20/27 levels left

rFire    . . .     SeeInvis +   r - +4 flail (crush) (curse)
rCold    . . .     Gourm    .   c - +0 shield (curse)
rNeg     . . .     Faith    .   C - +0 plate armour (curse)
rPois    .         Spirit   .   m - +0 helmet (curse)
rElec    .         Reflect  .   w - scarf {repulsion} (curse)
rCorr    .         Harm     .   (no gloves)
MR       +....     Clarity  +   s - +0 pair of boots (curse)
Stlth    ..........             B - amulet of regeneration (curse)
HPRegen  0.67/turn              I - ring "Hero's Friend" {MR+ MP+9 Str-5 Dex+4 SInv} (curse)
MPRegen  0.23/turn              G - ring of wizardry

@: repel missiles
A: distributed training, fangs 1, strong nose
a: Curse Item, Scrying, Renounce Religion


You were on level 12 of the Dungeon.
You worshipped Ashenzari.
Ashenzari was greatly pleased with you.
You were not hungry.

You visited 2 branches of the dungeon, and saw 14 of its levels.

You collected 930 gold pieces.

Inventory:

Hand Weapons
 r - a cursed +4 flail of crushing (weapon)
 A - a +0 morningstar
Armour
 c - a cursed +0 shield (worn)
 m - a cursed +0 helmet (worn)
 s - a cursed +0 pair of boots (worn)
 t - a +2 helmet
 w - a cursed scarf of repulsion (worn)
 C - a cursed +0 plate armour (worn)
Jewellery
 d - the ring of Benevolence {rPois MR- Str+4}
   (You found it on level 8 of the Dungeon)

   [ring of poison resistance]

   It affects your strength (+4).
   It protects you from poison.
   It affects your resistance to hostile enchantments.
 i - an uncursed ring of positive energy
 y - an uncursed ring of positive energy
 B - a cursed amulet of regeneration (around neck)
 G - a ring of wizardry (right hand)
 I - the cursed ring "Hero's Friend" (left hand) {MR+ MP+9 Str-5 Dex+4 SInv}
   (You found it on level 12 of the Dungeon)

   [ring of protection from magic]

   It affects your strength (-5).
   It affects your dexterity (+4).
   It affects your resistance to hostile enchantments.
   It affects your magic capacity (+9).
   It lets you see invisible.
   It has a curse placed upon it.
Wands
 k - a wand of clouds (7)
 l - a wand of acid (33)
 D - a wand of polymorph (10)
 E - a wand of digging (5)
 H - a wand of flame (16)
Scrolls
 a - a scroll of torment
 e - 6 scrolls of amnesia
 h - 3 scrolls of teleportation
 q - 2 scrolls of identify
 v - 3 scrolls of fear
 x - a scroll of summoning
 z - 2 scrolls of enchant armour
Potions
 b - 2 potions of cancellation
 g - a potion of brilliance
 j - a potion of magic
 n - 3 potions of flight
 o - 2 potions of curing
 p - 2 potions of resistance
 F - a potion of lignification
Comestibles
 f - 25 rations


   Skills:
 + Level 10.1 Fighting
 + Level 7.7 Short Blades
 + Level 7.7 Long Blades
 + Level 7.7 Axes
 + Level 9.1(12.4) Maces & Flails
 + Level 7.7 Polearms
 + Level 7.7 Staves
 + Level 7.7 Slings
 + Level 7.7 Bows
 + Level 7.7 Crossbows
 + Level 7.7 Throwing
 + Level 10.1(13.4) Armour
 + Level 7.7 Dodging
 + Level 7.7 Stealth
 + Level 10.1(12.2) Shields
 + Level 7.7 Unarmed Combat
 + Level 7.7 Spellcasting
 + Level 6.4(8.8) Conjurations
 + Level 6.4(8.8) Hexes
 + Level 6.4(8.8) Charms
 + Level 6.4(8.8) Summonings
 + Level 6.4(8.8) Necromancy
 + Level 6.4(8.8) Translocations
 + Level 6.4(8.8) Transmutations
 + Level 6.4(8.8) Fire Magic
 + Level 6.4(8.8) Ice Magic
 + Level 6.4(8.8) Air Magic
 + Level 6.4(8.8) Earth Magic
 + Level 6.4(8.8) Poison Magic
 + Level 8.5 Invocations
 + Level 7.7(10.0) Evocations


You had 20 spell levels left.
You knew the following spells:

 Your Spells              Type           Power        Failure   Level  Hunger
a - Freeze                Ice            ####         5%          1    None
b - Blink                 Tloc           N/A          8%          2    #......
c - Shroud of Golubria    Chrm/Tloc      ####......   8%          2    #......
d - Throw Frost           Conj/Ice       ####..       8%          2    #......

Your spell library contained the following spells:

 Spells                   Type           Power        Failure   Level  Hunger
 Beastly Appendage        Tmut           ####..       5%          1    None
 Sticks to Snakes         Tmut           ####....     8%          2    #......
 Gell's Gravitas          Tloc           ####......   16%         3    ##.....
 Lesser Beckoning         Tloc           ####......   16%         3    ##.....
 Ozocubu's Armour         Chrm/Ice       ####....     16%         3    ##.....
 Spider Form              Tmut/Pois      ####......   16%         3    ##.....
 Teleport Other           Tloc           ####....     16%         3    ##.....
 Ice Form                 Ice/Tmut       ####....     43%         4    ####...
 Passage of Golubria      Tloc           N/A          43%         4    ####...
 Summon Ice Beast         Ice/Summ       ####....     43%         4    ####...
 Throw Icicle             Conj/Ice       ####....     43%         4    ####...
 Blade Hands              Tmut           ####......   77%         5    ######.


Dungeon Overview and Level Annotations

Branches:
Dungeon (13/15)            Temple (1/1) D:4            Lair (0/6) D:10
    Orc (0/2) D:10
 Vaults: D:13-14

Altars:
Ashenzari
Cheibriados
Dithmenos
Elyvilon
Fedhas
Gozag
Hepliaklqana
Kikubaaqudgha
Makhleb
Nemelex Xobeh
Okawaru
Qazlal
Ru
Sif Muna
Trog
Uskayaw
Vehumet
Wu Jian
Xom
Yredelemnul
Zin
The Shining One

Shops:
D:5 *   D:7 (   D:10 :   D:11 *

Annotations:
D:8 4 runed translucent doors


Innate Abilities, Weirdness & Mutations

Your experience applies equally to all skills.
You have very sharp teeth.
Your uncanny sense of smell can sniff out nearby items.


Message History

* * * LOW HITPOINT WARNING * * *
The catoblepas breathes a plume of calcifying dust at you.
The blast of calcifying dust hits you but does no damage.
You are engulfed in calcifying dust.
The catoblepas breathes a plume of calcifying dust at you.
The blast of calcifying dust hits you but does no damage.
You are engulfed in calcifying dust.
The catoblepas breathes a plume of calcifying dust at you.
The blast of calcifying dust hits you.
* * * LOW HITPOINT WARNING * * *
You are engulfed in calcifying dust.
The catoblepas gores you but does no damage.
You are engulfed in calcifying dust.
The catoblepas gores you!
* * * LOW HITPOINT WARNING * * *
The catoblepas barely misses you.
You turn to flesh and can move again.
You feel better. The catoblepas gores you!
* * * LOW HITPOINT WARNING * * *
The catoblepas gores you!
You die...

#.# #.# ###### #.#
.....# #.# ####.#
#.#
####'###########.#
..............##.#
..............##.#
..............##@#
...............Y>#
......############
......# ......#
.....^# ......#
......# ......#


You could see a catoblepas.

Vanquished Creatures
  2 hydras
  4 two-headed ogres
  3 unseen horrors
  4 ugly things
  A centaur zombie (D:10)
  A gargoyle (D:12)
  2 trolls
  5 hornets
  6 hippogriffs
  10 slime creatures (D:12)
  A shadow (D:12)
  A basilisk (D:10)
  11 yaks
  4 hungry ghosts
  4 porcupines (D:10)
  8 orc warriors
  2 sky beasts
  4 ice beasts
  A black bear (D:11)
  5 phantoms
  5 centaurs
  5 ogres
  5 crocodiles
  5 big kobolds
  2 wyvern zombies
  11 bullfrogs
  13 scorpions
  18 killer bees
  6 wights
  2 howler monkeys
  A bullfrog zombie (D:6)
  4 crimson imps
  A quasit (D:5)
  16 orc priests
  2 jellies (D:1)
  2 bullfrog skeletons (D:8)
  5 hounds
  A centaur skeleton (D:11)
  6 iguanas
  15 orc wizards
  9 worker ants
  A killer bee zombie (D:9)
  A hound skeleton (D:11)
  6 gnolls
  10 adders
  3 shadow imps
  8 oozes
  An adder zombie (D:5)
  2 adder skeletons (D:8)
  A dart slug (D:3)
  5 leopard geckos
  62 orcs
  13 giant cockroaches
  6 goblins (D:1)
  5 hobgoblins
  19 jackals
  8 quokkas
  9 bats
  4 frilled lizards (D:4)
  29 kobolds
  A leopard gecko skeleton (D:7)
  A leopard gecko zombie (D:8)
  9 rats
417 creatures vanquished.

Vanquished Creatures (others)
  A quokka (D:7)
  2 fungi (D:10)
  9 plants (D:10)
12 creatures vanquished.

Grand Total: 429 creatures vanquished

Notes
Turn   | Place    | Note
-------+----------+-------------------------------------------
     0 | D:1      | Gildeon the Gnoll Fighter began the quest for the Orb.
     0 | D:1      | Reached XP level 1. HP: 23/23 MP: 1/1
     0 | D:1      | Noticed a jelly
     1 | D:1      | Found a runed translucent door.
     1 | D:1      | Noticed a jelly
    18 | D:1      | Reached XP level 2. HP: 28/29 MP: 2/2
    33 | D:1      | Reached skill level 1 in Invocations
    33 | D:1      | Reached XP level 3. HP: 26/35 MP: 2/4
    34 | D:1      | Reached skill level 1 in Short Blades
    34 | D:1      | Reached skill level 1 in Long Blades
    34 | D:1      | Reached skill level 1 in Axes
    34 | D:1      | Reached skill level 1 in Polearms
    34 | D:1      | Reached skill level 1 in Staves
    34 | D:1      | Reached skill level 1 in Slings
    34 | D:1      | Reached skill level 1 in Bows
    34 | D:1      | Reached skill level 1 in Crossbows
    34 | D:1      | Reached skill level 1 in Throwing
    34 | D:1      | Reached skill level 1 in Dodging
    34 | D:1      | Reached skill level 1 in Stealth
    34 | D:1      | Reached skill level 1 in Unarmed Combat
    34 | D:1      | Reached skill level 1 in Spellcasting
    34 | D:1      | Reached skill level 1 in Evocations
    36 | D:1      | Reached XP level 4. HP: 31/41 MP: 2/5
    42 | D:1      | Reached skill level 1 in Conjurations
    42 | D:1      | Reached skill level 1 in Hexes
    42 | D:1      | Reached skill level 1 in Charms
    42 | D:1      | Reached skill level 1 in Summonings
    42 | D:1      | Reached skill level 1 in Necromancy
    42 | D:1      | Reached skill level 1 in Translocations
    42 | D:1      | Reached skill level 1 in Transmutations
    42 | D:1      | Reached skill level 1 in Fire Magic
    42 | D:1      | Reached skill level 1 in Ice Magic
    42 | D:1      | Reached skill level 1 in Air Magic
    42 | D:1      | Reached skill level 1 in Earth Magic
    42 | D:1      | Reached skill level 1 in Poison Magic
   362 | D:1      | Reached XP level 5. HP: 43/47 MP: 6/6
  1137 | D:2      | Found a bloodstained altar of Trog.
  1531 | D:3      | Found a shadowy altar of Dithmenos.
  1596 | D:3      | Reached XP level 6. HP: 24/53 MP: 8/8
  1826 | D:3      | Found an ornate altar of the Wu Jian Council.
  2435 | D:4      | Reached skill level 5 in Maces & Flails
  2878 | D:4      | Found a staircase to the Ecumenical Temple.
  2885 | Temple   | Entered the Ecumenical Temple
  2896 | Temple   | Became a worshipper of Ashenzari the Shackled
  3111 | D:4      | Reached XP level 7. HP: 58/59 MP: 10/10
  3216 | D:4      | Found a glowing golden altar of the Shining One.
  3448 | D:4      | Found a hazy altar of Hepliaklqana.
  3581 | D:5      | Entered Level 5 of the Dungeon
  4091 | D:5      | Found Gozag's Platinum Reserve.
  4310 | D:5      | Found an opulent altar of Gozag.
  4369 | D:5      | Reached XP level 8. HP: 61/67 MP: 12/12
  4449 | D:6      | Found a blossoming altar of Fedhas.
  4600 | D:6      | Found a shimmering altar of Xom.
  4600 | D:6      | Found a glowing silver altar of Zin.
  4600 | D:6      | Noticed an angel
  5062 | D:7      | Reached * piety under Ashenzari
  5228 | D:7      | Reached XP level 9. HP: 51/72 MP: 14/14
  5769 | D:7      | Found Irotulo's Weapon Emporium.
  5900 | D:7      | Identified the cursed +1 war axe "Kyfrihan" {venom, Str+4
                  | Dex+2}
  6122 | D:7      | Noticed a purple ugly thing
  6138 | D:7      | Killed a purple ugly thing
  6268 | D:7      | Reached skill level 5 in Invocations
  6292 | D:7      | Found a white marble altar of Elyvilon.
  6690 | D:8      | Found a large runed translucent door.
  6690 | D:8      | Found a large runed translucent door.
  6713 | D:8      | Reached XP level 10. HP: 73/80 MP: 15/17
  6719 | D:8      | Noticed a manticore
  6720 | D:8      | Noticed a cyan ugly thing
  6738 | D:8      | Found a large runed translucent door.
  6738 | D:8      | Found a large runed translucent door.
  7098 | D:8      | Noticed a two-headed ogre
  7114 | D:8      | Killed a two-headed ogre
  7114 | D:8      | Reached skill level 5 in Short Blades
  7114 | D:8      | Reached skill level 5 in Long Blades
  7114 | D:8      | Reached skill level 5 in Axes
  7114 | D:8      | Reached skill level 5 in Polearms
  7114 | D:8      | Reached skill level 5 in Staves
  7114 | D:8      | Reached skill level 5 in Slings
  7114 | D:8      | Reached skill level 5 in Bows
  7114 | D:8      | Reached skill level 5 in Crossbows
  7114 | D:8      | Reached skill level 5 in Throwing
  7114 | D:8      | Reached skill level 5 in Dodging
  7114 | D:8      | Reached skill level 5 in Stealth
  7114 | D:8      | Reached skill level 5 in Unarmed Combat
  7114 | D:8      | Reached skill level 5 in Spellcasting
  7114 | D:8      | Reached skill level 5 in Evocations
  7377 | D:8      | Paralysed by a hornet for 1 turns
  7382 | D:8      | Paralysed by a hornet for 2 turns
  7596 | D:8      | Noticed a two-headed ogre
  7604 | D:8      | Killed a two-headed ogre
  7640 | D:8      | Identified the ring of Benevolence {rPois MR- Str+4}
  7724 | D:9      | Reached XP level 11. HP: 87/87 MP: 19/19
  8129 | D:9      | Reached ** piety under Ashenzari
  8386 | D:9      | Reached skill level 5 in Conjurations
  8386 | D:9      | Reached skill level 5 in Hexes
  8386 | D:9      | Reached skill level 5 in Charms
  8386 | D:9      | Reached skill level 5 in Summonings
  8386 | D:9      | Reached skill level 5 in Necromancy
  8386 | D:9      | Reached skill level 5 in Translocations
  8386 | D:9      | Reached skill level 5 in Transmutations
  8386 | D:9      | Reached skill level 5 in Fire Magic
  8386 | D:9      | Reached skill level 5 in Ice Magic
  8386 | D:9      | Reached skill level 5 in Air Magic
  8386 | D:9      | Reached skill level 5 in Earth Magic
  8386 | D:9      | Reached skill level 5 in Poison Magic
  8591 | D:10     | Entered Level 10 of the Dungeon
  8810 | D:10     | Noticed a two-headed ogre
  8849 | D:10     | Killed a two-headed ogre
  9014 | D:10     | Found a staircase to the Lair.
  9184 | D:10     | Found a staircase to the Orcish Mines.
  9271 | D:10     | Found Yreiting's Book Emporium.
  9281 | D:10     | Found a deep blue altar of Sif Muna.
  9505 | D:11     | Noticed an unseen horror
  9682 | D:11     | Killed an unseen horror
  9682 | D:11     | Reached XP level 12. HP: 72/96 MP: 22/22
  9922 | D:11     | Noticed a four-headed hydra
  9943 | D:10     | Killed a four-headed hydra
 10116 | D:11     | Reached *** piety under Ashenzari
 10392 | D:11     | Found Wiupp's Assorted Antiques.
 10400 | D:11     | Noticed a six-headed hydra
 10434 | D:11     | Killed a six-headed hydra
 10691 | D:12     | Noticed a two-headed ogre
 10703 | D:12     | Killed a two-headed ogre
 10727 | D:12     | Found a sacrificial altar of Ru.
 10839 | D:12     | Identified the ring "Hero's Friend" {MR+ MP+9 Str-5 Dex+4
                  | SInv}
 11041 | D:12     | HP: 4/97 [slime creature (1)]
 11578 | D:12     | Reached skill level 10 in Fighting
 11578 | D:12     | Reached skill level 10 in Armour
 11578 | D:12     | Reached skill level 10 in Shields
 12352 | D:13     | Reached XP level 13. HP: 97/103 MP: 24/24
 12353 | D:13     | Reached **** piety under Ashenzari
 12374 | D:12     | Learned a level 1 spell: Freeze
 12377 | D:12     | Learned a level 2 spell: Blink
 12380 | D:12     | Learned a level 2 spell: Shroud of Golubria
 12383 | D:12     | Learned a level 2 spell: Throw Frost
 12447 | D:12     | Slain by a catoblepas

Skill      XL: |  1  2  3  4  5  6  7  8  9 10 11 12 |
---------------+-------------------------------------+-----
Invocations    | 1 2 3 4 5 6 7 8 |  8.5
Short Blades   | 1 2 3 4 5 6 7 |  7.7
Long Blades    | 1 2 3 4 5 6 7 |  7.7
Axes           | 1 2 3 4 5 6 7 |  7.7
Polearms       | 1 2 3 4 5 6 7 |  7.7
Staves         | 1 2 3 4 5 6 7 |  7.7
Slings         | 1 2 3 4 5 6 7 |  7.7
Bows           | 1 2 3 4 5 6 7 |  7.7
Crossbows      | 1 2 3 4 5 6 7 |  7.7
Throwing       | 1 2 3 4 5 6 7 |  7.7
Dodging        | 1 2 3 4 5 6 7 |  7.7
Stealth        | 1 2 3 4 5 6 7 |  7.7
Unarmed Combat | 1 2 3 4 5 6 7 |  7.7
Spellcasting   | 1 2 3 4 5 6 7 |  7.7
Evocations     | 1 2 3 4 5 6 7 |  7.7
Conjurations   | 1 2 3 4 5 6 |  6.4
Hexes          | 1 2 3 4 5 6 |  6.4
Charms         | 1 2 3 4 5 6 |  6.4
Summonings     | 1 2 3 4 5 6 |  6.4
Necromancy     | 1 2 3 4 5 6 |  6.4
Translocations | 1 2 3 4 5 6 |  6.4
Transmutations | 1 2 3 4 5 6 |  6.4
Fire Magic     | 1 2 3 4 5 6 |  6.4
Ice Magic      | 1 2 3 4 5 6 |  6.4
Air Magic      | 1 2 3 4 5 6 |  6.4
Earth Magic    | 1 2 3 4 5 6 |  6.4
Poison Magic   | 1 2 3 4 5 6 |  6.4
Maces & Flails | 5 6 7 8 9 |  9.1
Fighting       | 7 8 9 10 | 10.1
Armour         | 7 8 9 10 | 10.1
Shields        | 7 8 9 10 | 10.1

Action                   |  1- 3 |  4- 6 |  7- 9 | 10-12 | 13-15 || total
-------------------------+-------+-------+-------+-------+-------++-------
Melee: Flail             |    32 |   268 |   425 |   951 |    24 ||  1700
       Bite              |     3 |    32 |    64 |   141 |     6 ||   246
Invok: Curse Item        |       |       |     5 |     2 |     1 ||     8
  Use: Scroll            |       |     5 |     7 |    14 |       ||    26
       Potion            |       |       |     1 |     7 |     1 ||     9
  Eat: Chunk             |       |     8 |     8 |    20 |       ||    36
       Ration            |       |       |     2 |     3 |       ||     5
Armor: Scale mail        |    17 |    21 |       |       |       ||    38
       Chain mail        |       |   100 |   133 |       |       ||   233
       Plate armour      |       |       |    19 |   367 |    34 ||   420
Dodge: Dodged            |     5 |    58 |   109 |   296 |    10 ||   478
       Deflected         |       |       |       |    16 |       ||    16
Block: Shield            |    18 |   153 |   246 |   569 |    22 ||  1008
